 Dungeon Crawl Stone Soup version 0.31.0-12-g77e489cdc1 (webtiles) character file.

Game seed: 5207093018632214946

2669 PaiMei the Reanimator (level 9, -1/57 HPs)
             Began as a Demonspawn Necromancer on Feb 26, 2024.
             Killed from afar by Erica (27 damage)
             ... with a bolt of poison
             ... on level 8 of the Dungeon.
             The game lasted 00:10:56 (9361 turns).

PaiMei the Reanimator (Demonspawn Necromancer)      Turns: 9361, Time: 00:10:57

Health: -1/57      AC: 15    Str:  8    XL:     9   Next: 37%
Magic:  18/18      EV: 14    Int: 21    God:
Gold:   568        SH:  0    Dex: 13    Spells: 12/20 levels left

rFire   . . .        z - +2 flail (drain)
rCold   . . .        (no shield)
rNeg    + . .        a - +0 robe
rPois   .            (no helmet)
rElec   .            (no cloak)
rCorr   .            (no gloves)
SInv    .            (no boots)
Will    .....        (no amulet)
Stlth   +++          y - ring of positive energy
HPRegen 0.29/turn    A - +4 ring of protection
MPRegen 0.16/turn

%: no passive effects
@: lethally poisoned (-1 -> -23), sanguine armoured, slowed, very slow
A: powered by death 1, spiny 1, sanguine armour 2, demonic touch 2
a: no special abilities


You were on level 8 of the Dungeon.
You visited 2 branches of the dungeon, and saw 9 of its levels.
You also visited: Ossuary.

You collected 568 gold pieces.

Inventory:

Hand Weapons
 z - a +2 flail of draining (weapon)
 C - a +2 whip of venom
 G - the +2 whip of Chaos {pain, +Blink Will+ Stlth+}
   (You found it on level 7 of the Dungeon)

   Will+:     It increases your willpower.
   +Blink:    It lets you blink.
   Stlth+:    It makes you more stealthy.
Missiles
 d - 13 poisoned darts (quivered)
 K - a throwing net
Armour
 a - a +0 robe (worn)
Jewellery
 v - an amulet of faith
 y - a ring of positive energy (left hand)
 A - a +4 ring of protection (right hand)
Wands
 F - a wand of roots (2)
 J - a wand of flame (11)
 L - a wand of polymorph (7)
 M - a wand of quicksilver (14)
Scrolls
 c - a scroll of vulnerability {unknown}
 f - 2 scrolls of poison {unknown}
 j - 3 scrolls of enchant weapon {unknown}
 l - a scroll of immolation {unknown}
 m - 2 scrolls of fog {unknown}
 o - 3 scrolls of amnesia {unknown}
 q - 2 scrolls of revelation {unknown}
 r - 4 scrolls of identify {unknown}
 s - a scroll of torment {unknown}
 x - a scroll of blinking {unknown}
 B - 2 scrolls of teleportation {unknown}
 H - a scroll of fear {unknown}
 I - a scroll of enchant armour {unknown}
 N - a scroll of noise {unknown}
Potions
 b - 2 potions of magic
 e - 4 potions of heal wounds {unknown}
 g - a potion of berserk rage {unknown}
 h - a potion of degeneration {unknown}
 i - a potion of enlightenment {unknown}
 k - 7 potions of curing {unknown}
 n - a potion of brilliance {unknown}
 p - 2 potions of mutation {unknown}
 t - 3 potions of resistance {unknown}
 u - 2 potions of lignification {unknown}
 w - a potion of cancellation {unknown}
 D - 2 potions of ambrosia {unknown}
 E - a potion of invisibility {unknown}


   Skills:
 + Level 6.1 Dodging
 + Level 6.6 Stealth
 + Level 6.1 Spellcasting
 + Level 8.4 Necromancy


You had 12 spell levels left.
You knew the following spells:

 Your Spells              Type           Power      Damage    Failure   Level
a - Necrotise             Necr           100%       1d9       1%          1
b - Vampiric Draining     Necr           41%        2d8       1%          3
c - Animate Dead          Necr           41%        N/A       3%          4

Your spell library contained the following spells:

 Spells                   Type           Power      Damage    Failure   Level
 Sublimation of Blood     Necr           41%        N/A       1%          2
 Curse of Agony           Necr           41%        N/A       9%          5
 Foxfire                  Conj/Fire      24%        2x1d5     10%         1
 Ensorcelled Hibernation  Hex/Ice        12%        N/A       14%         2
 Static Discharge         Conj/Air       12%        3-4/arc   14%         2
 Inner Flame              Hex/Fire       6%         N/A       28%         3
 Passwall                 Erth           6%         N/A       28%         3
 Swiftness                Air            6%         N/A       28%         3
 Airstrike                Air            3%         2d(1-17)  67%         4
 Petrify                  Alch/Erth      6%         N/A       67%         4
 Irradiate                Conj/Alch      3%         3d12      95%         5
 Silence                  Hex/Air        3%         N/A       95%         5
 Plasma Beam              Fire/Air       3%         2x1d13    100%        6
 Starburst                Conj/Fire      3%         6d3       100%        6
 Ignition                 Fire           3%         3d4       100%        8
 Chain Lightning          Conj/Air       3%         3d4       100%        9
 Fire Storm               Conj/Fire      3%         8d1       100%        9
 Shatter                  Erth           3%         3d7*      100%        9


Dungeon Overview and Level Annotations

Branches:
Dungeon (8/15)             Temple (1/1) D:7         Ossuary (visited)
   Lair: D:8-11

Altars:
Ashenzari
Cheibriados
Fedhas
Hepliaklqana
Makhleb
Nemelex Xobeh
Okawaru
Qazlal
Ru
Trog
Uskayaw
Vehumet
Wu Jian
Xom
Yredelemnul

Annotations:
D:2 1 runed translucent door, Crazy Yiuf
D:8 Erica


Innate Abilities, Weirdness & Mutations

You regenerate a little health from kills.
You are partially covered in sharp spines.
When seriously injured, your blood forms thick armour. (AC +9)
Your touch may inflict irresistible damage on your foes.


Message History

You can't see any susceptible monsters within range! (Use Z to cast anyway.)
Casting: Necrotise (safe; 1% risk of failure)
Confirm with . or Enter, or press ? or * to list all spells.
You can't see any susceptible monsters within range! (Use Z to cast anyway.)
Casting: Necrotise (safe; 1% risk of failure)
Confirm with . or Enter, or press ? or * to list all spells.
You can't see any susceptible monsters within range! (Use Z to cast anyway.)
Casting: Necrotise (safe; 1% risk of failure)
Confirm with . or Enter, or press ? or * to list all spells.
You can't see any susceptible monsters within range! (Use Z to cast anyway.)
You hear some strange, mumbled words.
A bolt of poison appears from out of thin air!
The bolt of poison misses you.
You hear some strange, mumbled words.
A bolt of poison appears from out of thin air!
The bolt of poison hits you!
You are poisoned.
You feel very sick.
You feel very sick.
You hear some strange, mumbled words.
A bolt of poison appears from out of thin air!
The bolt of poison misses you.
Your blood congeals into armour.
You feel very sick.
You feel very sick.
You feel sick.
You feel sick.
You feel sick.
You feel sick.
You feel sick.
You feel sick.
You feel sick.
You feel sick.
You are no longer poisoned.
You feel yourself slow down.
You hear some strange, mumbled words.
A bolt of poison appears from out of thin air!
The bolt of poison hits you!!
You are poisoned.
You die...

##....(...#.............##.
###.....##..............#.
##.##...................
#####{.#........#......
####..#..#.......###.....
###..#.............##...>..
##............##............
##. #.................#......
#...#.#.....@.........#..>...
............)................
.#.........)........ .#
###.<....))).......
##..##.<.<.......
##..............
#............###
#.............(#
##..............


There were no monsters in sight!

Vanquished Creatures
  Sigmund (D:4)
  A water moccasin (D:7)
  2 black bears
  An ogre (D:7)
  A centaur (D:6)
  A phantom (D:4)
  4 bullfrogs
  A gnoll sergeant (D:8)
  5 scorpions
  A burial acolyte (Ossuary)
  5 water moccasin zombies (Ossuary)
  2 howler monkeys
  4 bombardier beetles
  2 jellies (D:7)
  2 hounds
  3 orc priests
  6 orc wizards
  A spectral scorpion (Ossuary)
  Natasha (thrice) (D:2)
  5 iguanas
  2 crocodile zombies (Ossuary)
  2 mummies (Ossuary)
  4 gnolls
  4 adders
  A shadow imp (D:5)
  2 adder zombies (Ossuary)
  4 dart slugs
  2 ribbon worms (D:3)
  14 orcs
  3 endoplasms
  3 giant cockroaches
  11 gnoll zombies (Ossuary)
  8 goblins
  3 hobgoblins
  2 jackals (D:2)
  2 quokkas (D:4)
  9 ball pythons
  4 bats
  5 frilled lizards
  3 jackal zombies (Ossuary)
  10 kobolds
  5 orc zombies (Ossuary)
  2 rats
156 creatures vanquished.

Vanquished Creatures (collateral kills)
  An adder (D:6)
  A goblin (D:1)
2 creatures vanquished.

Grand Total: 158 creatures vanquished

Notes
Turn   | Place    | Note
-------+----------+-------------------------------------------
     0 | D:1      | PaiMei the Demonspawn Necromancer began the quest for the
                  | Orb.
     0 | D:1      | Reached XP level 1. HP: 13/13 MP: 3/3
   508 | D:1      | Gained mutation: Your touch may inflict minor irresistible
                  | damage on your foes. [demonic ancestry]
   508 | D:1      | Reached XP level 2. HP: 19/19 MP: 0/5
   838 | D:1      | Found a faded altar of an unknown god.
  1372 | D:2      | Reached XP level 3. HP: 24/24 MP: 2/6
  1376 | D:2      | Learned a level 3 spell: Vampiric Draining
  2001 | D:2      | Noticed Natasha
  2007 | D:2      | Killed Natasha
  2187 | D:2      | Found a runed translucent door.
  2188 | D:2      | Noticed Crazy Yiuf
  2226 | D:2      | Noticed Natasha
  2233 | D:2      | Killed Natasha
  2234 | D:2      | Reached skill level 5 in Necromancy
  2234 | D:2      | Reached XP level 4. HP: 30/30 MP: 3/8
  2434 | D:2      | Noticed Natasha
  2444 | D:2      | Killed Natasha
  2862 | D:3      | Found a hazy altar of Hepliaklqana.
  2950 | D:3      | Gained mutation: You are partially covered in sharp spines.
                  | [demonic ancestry]
  2950 | D:3      | Reached XP level 5. HP: 33/35 MP: 5/9
  3672 | D:4      | Got the Tome of Clouds
  3902 | D:4      | Noticed a black bear
  3922 | D:4      | Killed a black bear
  3923 | D:4      | Gained mutation: Your touch may inflict irresistible damage
                  | on your foes. [demonic ancestry]
  3923 | D:4      | Reached XP level 6. HP: 36/41 MP: 1/11
  4529 | D:4      | Noticed Sigmund
  4535 | D:4      | Killed Sigmund
  4536 | D:4      | Reached skill level 6 in Necromancy
  4684 | D:4      | Gained mutation: When seriously injured, your blood forms
                  | armour. (AC +9) [demonic ancestry]
  4684 | D:4      | Reached XP level 7. HP: 46/46 MP: 12/12
  4762 | D:5      | Entered Level 5 of the Dungeon
  5115 | D:5      | HP: 1/46 [orc priest/divine providence (10)]
  5750 | D:5      | Gained mutation: You regenerate a little health from kills.
                  | [demonic ancestry]
  5750 | D:5      | Reached XP level 8. HP: 52/52 MP: 9/14
  5993 | D:5      | Reached skill level 5 in Stealth
  6219 | D:5      | Learned a level 4 spell: Animate Dead
  6285 | D:6      | Reached skill level 7 in Necromancy
  6387 | D:6      | Found a sacrificial altar of Ru.
  6465 | D:6      | Reached skill level 5 in Spellcasting
  6500 | D:6      | Reached skill level 5 in Dodging
  6835 | D:6      | You fall into a shaft and drop 1 floor!
  6868 | D:6      | Found a sand-covered staircase.
  6873 | Ossuary  | Entered an ossuary
  7210 | Ossuary  | Gained mutation: When seriously injured, your blood forms
                  | thick armour. (AC +9) [demonic ancestry]
  7210 | Ossuary  | Reached XP level 9. HP: 38/57 MP: 17/17
  7695 | D:6      | Reached skill level 8 in Necromancy
  7993 | D:7      | Found a staircase to the Ecumenical Temple.
  8002 | Temple   | Entered the Ecumenical Temple
  8078 | D:7      | Identified the +2 whip of Chaos {pain, +Blink Will+ Stlth+}
  8198 | D:7      | Found a stormy altar of Qazlal.
  8695 | D:7      | Found a blossoming altar of Fedhas.
  9338 | D:8      | Noticed Erica
  9361 | D:8      | Killed from afar by Erica

Illustrated notes

Levels and vault maps discovered:
D:1:      lemuel_arrival_rhombus, layout_basic,
          hellmonk_ecumenical_altar_run_dry
D:2:      layout_loops_corners, uniq_natasha, uniq_crazy_yiuf_cottage
D:3:      layout_basic, nicolae_hepliaklqana_hippocampus
D:4:      layout_loops_ring, uniq_sigmund
D:5:      layout_cave_pods
D:6:      layout_layer_cave, mainiacjoe_overflow_six_doors_small, zin_academy,
          nicolae_ossuary_entry_plus
D:7:      wad_pebble_path, layout_basic, mainiacjoe_overflow_small_starburst,
          amethyst_overflow_temple_binary, minmay_temple_entry_ruins,
          grunt_ogre_cave
D:8:      minmay_the_grid_square_5x5_3x3 [minmay_the_grid_square_5x5_bridge,
          minmay_the_grid_square_5x5_inset, minmay_the_grid_square_5x5_meh,
          minmay_the_grid_square_5x5_one_wall,
          minmay_the_grid_square_5x5_megaprize_open,
          minmay_the_grid_square_5x5_dogpile,
          minmay_the_grid_square_5x5_two_small,
          minmay_the_grid_square_5x5_longway,
          minmay_the_grid_square_5x5_misaligned], layout_cave_pools, uniq_erica
Temple:   nicolae_temple_godzebo

Skill      XL: |  1  2  3  4  5  6  7  8  9 |
---------------+----------------------------+-----
Stealth        | 2 3 4 6 |  6.6
Dodging        | 2 3 4 5 6 |  6.1
Necromancy     | 5 6 7 8 |  8.4
Spellcasting   | 3 4 5 6 |  6.1

Action                     |  1- 3 |  4- 6 |  7- 9 || total
---------------------------+-------+-------+-------++-------
  Melee: Mace              |    18 |     6 |    13 ||    37
         Touch             |     2 |     4 |    17 ||    23
         Flail             |       |       |    93 ||    93
         Punch             |       |       |     6 ||     6
   Cast: Necrotise         |    61 |    85 |   151 ||   297
         Vampiric Draining |       |     2 |    10 ||    12
   Stab: Sleeping          |       |       |     1 ||     1
 Armour: Robe              |    16 |    13 |   116 ||   145
  Dodge: Dodged            |    34 |    22 |   141 ||   197
